 Dungeon Crawl Stone Soup version 0.22-a0-161-g198051cff3 (webtiles) character file.

931 greentea the Fighter (level 7, -1/69 HPs)
             Began as a Minotaur Berserker on Feb 11, 2018.
             Was a Priest of Trog.
             Slain by an orc warrior
             ... wielding a +0 falchion
              (16 damage)
             ... on level 4 of the Dungeon.
             The game lasted 00:46:03 (4633 turns).

greentea the Fighter (Minotaur Berserker)           Turns: 4633, Time: 00:46:04

Health: -1/69      AC:  9    Str: 23    XL:     7   Next: 86%
Magic:  6/6        EV: 11    Int:  7    God:    Trog [***...]
Gold:   211        SH:  0    Dex: 10    Spells: 6/6 levels left

rFire    + . .     SeeInvis +   A - +2 hand axe (freeze)
rCold    . . .     Gourm    .   (no shield)
rNeg     . . .     Faith    .   v - +2 scale mail {rF+}
rPois    .         Spirit   .   (helmet restricted)
rElec    .         Reflect  .   (no cloak)
rCorr    .         Harm     .   (no gloves)
MR       .....                  (no boots)
Stlth    ..........             (no amulet)
HPRegen  0.21/turn              n - ring of see invisible
MPRegen  0.10/turn              q - +3 ring of intelligence

@: berserk cooldown, slowed, very slow
A: retaliatory headbutt, horns 2
a: Berserk, Trog's Hand, Burn Spellbooks, Renounce Religion


You were on level 4 of the Dungeon.
You worshipped Trog.
Trog was most pleased with you.
You were not hungry.

You visited 1 branch of the dungeon, and saw 5 of its levels.

You collected 211 gold pieces.

Inventory:

Hand Weapons
 a - a +0 hand axe
 f - a +1 dagger of protection
 j - a +0 short sword
 k - a +0 club
 l - a +0 dagger of electrocution
 p - a +0 spear
 x - a +0 flail
 A - a +2 hand axe of freezing (weapon)
Missiles
 g - 121 arrows
 h - 174 stones (quivered)
 s - 25 poisoned needles
Armour
 b - a +0 animal skin
 r - a +1 chain mail
 v - a +2 scale mail of fire resistance (worn)
Jewellery
 n - a ring of see invisible (left hand)
 q - a +3 ring of intelligence (right hand)
Wands
 u - a wand of random effects (21)
Scrolls
 d - a scroll of fear {unknown}
 i - 2 scrolls of remove curse {unknown}
 o - 2 scrolls of teleportation {unknown}
 y - a scroll of random uselessness {unknown}
 B - a scroll of enchant armour
Potions
 e - a potion of magic
 t - a potion of flight {unknown}
 w - 3 potions of curing
 z - a potion of agility {unknown}
 C - a potion of mutation {unknown}
Comestibles
 c - 4 rations


   Skills:
 + Level 8.9 Fighting
 + Level 5.9 Axes
 + Level 5.0 Armour
 + Level 3.4 Dodging


You had 6 spell levels left.
You didn't know any spells.

Dungeon Overview and Level Annotations

Branches:
Dungeon (5/15)
 Temple: D:4-7

Altars:
Zin


Innate Abilities, Weirdness & Mutations

You reflexively headbutt those who attack you in melee.
You have a pair of horns on your head.


Message History

Items here: )) [[[ † You feel a strong urge to attack something.
You feel your anger nearly subside.
You are no longer berserk.
You are exhausted.
You feel yourself slow down.
You feel much better.
The orc warrior hits you with a falchion!
The orc warrior hits you but does no damage.
The orc warrior barely misses you. The orc warrior closely misses you.
The orc warrior completely misses you. The orc warrior closely misses you.
You furiously retaliate!
You headbutt the orc warrior!
The orc warrior hits you with a falchion.
The orc warrior hits you but does no damage.
The orc warrior hits you with a great sword!
* * * LOW HITPOINT WARNING * * *
The orc warrior blocks your attack.
Your headbutt misses the orc warrior.
The orc warrior is severely wounded.
The orc warrior hits you with a falchion!
You die...

#........o>).# ### ###
#.###.#.####.# ##..
##.####.###.#....#.####.### #
#.........................#.#
##.####.###......#.####.#.#.# #.#
#.##.........# ##...# #.#
#.....o.###### ##.## #.#
######o## #.# #.# #@# #.## #.#
#.# #..## #####.# ##'## ##.#.#
#...#.##### ##...## #...#.
##.........###.....## ####...#
.......###.##.......## ##.###.##
........##.#.....(...####...##.#
...........'.........'.......#.#
##......##.#.........####...##.##


You could see 2 orc warriors.

Vanquished Creatures
  Eustachio (D:4)
  An orc warrior (D:4)
  2 ogres (D:4)
  A scorpion (D:4)
  A hound (D:4)
  An orc priest (D:3)
  A jelly (D:3)
  An orc wizard (D:3)
  A bullfrog skeleton (D:4)
  3 worker ants (D:4)
  8 gnolls
  6 adders
  2 oozes
  An adder skeleton (D:3)
  6 worms
  2 dart slugs (D:1)
  A leopard gecko (D:4)
  10 orcs
  4 bats
  6 giant cockroaches
  7 goblins
  6 hobgoblins
  9 jackals
  2 quokkas
  2 ball pythons (D:2)
  9 frilled lizards
  5 kobolds
  A leopard gecko skeleton (D:4)
  10 rats
110 creatures vanquished.

Notes
Turn   | Place    | Note
-------+----------+-------------------------------------------
     0 | D:1      | greentea the Minotaur Berserker began the quest for the Orb.
     0 | D:1      | Reached XP level 1. HP: 19/19 MP: 0/0
   147 | D:1      | Reached XP level 2. HP: 24/27 MP: 1/1
   170 | D:1      | Reached skill level 4 in Fighting
   636 | D:1      | Reached XP level 3. HP: 27/34 MP: 2/2
   987 | D:1      | Reached skill level 5 in Fighting
   994 | D:1      | Reached ** piety under Trog
  1767 | D:2      | Reached XP level 4. HP: 44/44 MP: 3/3
  2131 | D:3      | Reached skill level 6 in Fighting
  2303 | D:3      | Reached XP level 5. HP: 36/51 MP: 4/4
  2460 | D:3      | Reached skill level 7 in Fighting
  2707 | D:3      | Reached *** piety under Trog
  2994 | D:3      | Reached XP level 6. HP: 42/60 MP: 5/5
  3690 | D:4      | Reached skill level 8 in Fighting
  3777 | D:4      | Reached skill level 5 in Axes
  3777 | D:4      | Reached XP level 7. HP: 64/68 MP: 6/6
  3835 | D:4      | Found a glowing silver altar of Zin.
  4605 | D:5      | Entered Level 5 of the Dungeon
  4605 | D:5      | Found the +9 sword of Zonguldrok {reap}
  4605 | D:5      | Noticed Eustachio
  4616 | D:4      | Killed Eustachio
  4618 | D:4      | Reached skill level 5 in Armour
  4633 | D:4      | Slain by an orc warrior

Vault maps used:
D:1:      erik_arrival_triangle_large
D:2:      first_ration, kennysheep_generic_room_10
D:3:      hangedman_decor_peaks_small, grunt_decor_resistance
D:4:      overflow_temple_1_default, cheibrodos_sewer_entry_bend
D:5:      sword_in_stone

Skill      XL: |  1  2  3  4  5  6  7 |
---------------+----------------------+-----
Axes           | 4 5 |  5.9
Fighting       | 4 5 6 7 8 |  8.9
Armour         | 3 4 5 |  5.0
Dodging        | 3 |  3.4

Action                   |  1- 3 |  4- 6 |  7- 9 || total
-------------------------+-------+-------+-------++-------
Melee: Hand axe          |    94 |   104 |    48 ||   246
       Headbutt          |    13 |    18 |    11 ||    42
Throw: Stone             |    44 |     5 |    15 ||    64
Invok: Berserk           |       |       |     1 ||     1
Evoke: Wand              |       |     2 |       ||     2
  Use: Scroll            |     4 |     5 |     1 ||    10
       Potion            |       |     1 |     1 ||     2
  Eat: Ration            |     1 |     2 |     1 ||     4
Armor: Animal skin       |    13 |       |       ||    13
       Chain mail        |     4 |    18 |       ||    22
       Scale mail        |       |    26 |    19 ||    45
Dodge: Dodged            |    56 |    42 |    25 ||   123

Table legend:
 A = Spawn XP
 B = Non-spawn XP
 C = Spawn XP percentage of total XP
 D = Spawn monster count
 E = Non-spawn monster count
 F = Spawn count percentage of total count
 G = Total turns spent on level
                    A         B        C        D         E        F      G
               +---------+---------+-------+---------+---------+-------+---------
         Total |       0 |    1330 |   0.0 |       0 |     110 |   0.0 |  4633
               +---------+---------+-------+---------+---------+-------+---------
           D:1 |       0 |      60 |   0.0 |       0 |      30 |   0.0 |  1188
           D:2 |       0 |      61 |   0.0 |       0 |      20 |   0.0 |   842
           D:3 |       0 |     284 |   0.0 |       0 |      33 |   0.0 |  1514
           D:4 |       0 |     925 |   0.0 |       0 |      27 |   0.0 |  1084
               +---------+---------+-------+---------+---------+-------+---------
